 Dungeon Crawl Stone Soup version 0.26.0-20-g3ca415f5b8 (webtiles) character file.

Game seed: 12774699554325662930

692 Gauvater the Firebug (level 7, 0/43 HPs)
             Began as an Octopode Fire Elementalist on Jan 25, 2021.
             Was a Follower of Vehumet.
             Slain by Duvessa
             ... wielding a +0 short sword
              (12 damage)
             ... on level 5 of the Dungeon.
             The game lasted 00:44:30 (6434 turns).

Gauvater the Firebug (Octopode Fire Elementalist)   Turns: 6434, Time: 00:44:31

Health: 0/43       AC:  1    Str:  7    XL:     7   Next: 63%
Magic:  7/13       EV: 28    Int: 29    God:    Vehumet [*.....]
Gold:   250        SH:  0    Dex: 13    Spells: 5/15 levels left

rFire    . . .     SeeInvis .   D - +1 hand crossbow of the Dancing Oracle {penet, Fragile +Blink +Inv Int+10} (curse)
rCold    . . .     Faith    .   (no shield)
rNeg     . . .     Spirit   .   (helmet restricted)
rPois    .         Reflect  .   l - amulet of the acrobat
rElec    .         Harm     .   j - ring of wizardry
rCorr    .         Rampage  .   m - +4 ring of slaying
Will     .....                  (no ring)
Stlth    +++.......             (no ring)
HPRegen  0.14/turn              (no ring)
MPRegen  0.13/turn              (no ring)
                                (no ring)
                                (no ring)

@: acrobat
A: almost no armour, stealthy swim, amphibious, 8 rings, constrict 8, camouflage
1, gelatinous body 1
a: Renounce Religion, Evoke Blink, Evoke Invisibility


You were on level 5 of the Dungeon.
You worshipped Vehumet.
Vehumet was aware of your devotion.
You visited 2 branches of the dungeon, and saw 6 of its levels.
You also visited: Ossuary.

You collected 250 gold pieces.

Inventory:

Hand Weapons
 i - a +0 trident
 w - a +0 hand axe of venom
 D - the cursed +1 hand crossbow of the Dancing Oracle (weapon) {penet, Fragile +Blink +Inv Int+10}
   (You found it in an ossuary)

   Ammo fired by it passes through the targets it hits, potentially hitting all
   targets in its path until it reaches maximum range.
   It affects your intelligence (+10).
   It lets you turn invisible.
   It lets you blink.
   It will be destroyed if unequipped.
   It has a curse placed upon it.
Missiles
 a - 79 stones
 g - 61 arrows
 h - 3 bolts (quivered ammo)
 q - 5 boomerangs
 t - 6 javelins
Jewellery
 j - a ring of wizardry (left tentacle)
 l - an amulet of the acrobat (around mantle)
 m - a +4 ring of slaying (right tentacle)
 y - an uncursed ring of ice
Scrolls
 c - a scroll of remove curse {unknown}
 f - 2 scrolls of magic mapping {unknown}
 k - 2 scrolls of enchant weapon {unknown}
 o - 4 scrolls of identify {unknown}
 p - a scroll of enchant armour {unknown}
 v - 3 scrolls of noise {unknown}
 x - a scroll of teleportation {unknown}
Potions
 b - 3 potions of lignification {unknown}
 d - 2 potions of magic {unknown}
 e - 2 potions of heal wounds {unknown}
 n - a potion of mutation {unknown}
 r - a potion of attraction {unknown}
 s - a potion of resistance {unknown}
 u - 2 potions of might {unknown}
 z - a potion of degeneration {unknown}
 A - a potion of haste {unknown}
 B - 2 potions of curing {unknown}
 C - a potion of brilliance {unknown}
 E - 2 potions of ambrosia {unknown}


   Skills:
 + Level 1.1 Fighting
 + Level 1.5 Polearms
 + Level 0.5 Crossbows
 + Level 0.5 Throwing
 - Level 2.0 Dodging
 + Level 4.0 Stealth
 + Level 4.5 Spellcasting
 + Level 3.7 Conjurations
 + Level 5.1 Fire Magic


You had 5 spell levels left.
You knew the following spells:

 Your Spells              Type           Power        Failure   Level
a - Foxfire               Conj/Fire      100%         1%          1
b - Conjure Flame         Conj/Fire      32%          1%          3
c - Magic Dart            Conj           100%         1%          1
C - Fireball              Conj/Fire      16%          12%         5

Your spell library contained the following spells:

 Spells                   Type           Power        Failure   Level
 Inner Flame              Hex/Fire       21%          2%          3
 Static Discharge         Conj/Air       17%          3%          3
 Stone Arrow              Conj/Erth      34%          3%          3
 Sticky Flame             Conj/Fire      32%          4%          4
 Fulminant Prism          Conj/Hex       8%           12%         4
 Starburst                Conj/Fire      16%          52%         6


Dungeon Overview and Level Annotations

Branches:
Dungeon (5/15)             Temple (1/1) D:4         Ossuary (visited)

Altars:
Ashenzari
Elyvilon
Fedhas
Gozag
Hepliaklqana
Makhleb
Nemelex Xobeh
Okawaru
Qazlal
Ru
Sif Muna
Trog
Uskayaw
Vehumet
Yredelemnul
Zin
The Shining One

Annotations:
D:5 Duvessa


Innate Abilities, Weirdness & Mutations

You cannot wear most types of armour.
You are very stealthy in the water. (Stealth+)
You are amphibious.
You can wear up to eight rings at the same time.
You can use your tentacles to constrict eight enemies at once.
Your skin changes colour to match your surroundings (Stealth+).
Your rubbery body absorbs attacks. (AC +1, EV +1)


Message History

Confirm with . or Enter, or press ? or * to list all spells.
Okay, then.
Duvessa rages.
Things that are here:
a +0 dagger; a +0 robe; the elf corpse of Dowan A phantom comes into view.
Duvessa closely misses you.
The phantom blinks!
Casting: Conjure Flame (safe; 1% risk of failure)
Confirm with . or Enter, or press ? or * to list all spells.
You conjure some foxfire!
Duvessa hits you with a +0 short sword! Duvessa hits you with a +0 short sword.
The foxfire hits Duvessa but does no damage.
Duvessa is lightly wounded.
The foxfire hits Duvessa.
Duvessa is lightly wounded.
Duvessa hits you with a +0 short sword!
* * * LOW HITPOINT WARNING * * *
Duvessa hits you with a +0 short sword!
You die...

#.#######.# #.# #.#
#.######## . ### ##.#
#.##.#.#.# .. #.. ..#
#.##'#'#'# ..# #.# #.#
#.##.'...' ...
#.#####.#######.####...#
.<..
#.##.....ยง......##['...'
.(.[####
#.##.##.###......###'#'#
.......###.##.##@#
#.####.'...#.#
[((.(.....)....e.# #.#
#########
.#.###.######.#### #.#
#...# #.# #.# #.###.# #.#
#.# #. ... ..# #.# .
###### #.# ## ..#


You could see Duvessa (berserk).

Vanquished Creatures
  An elf zombie (Ossuary)
  Dowan (D:5)
  A human zombie (Ossuary)
  A centaur skeleton (D:4)
  An orc wizard (D:3)
  2 hounds
  3 orc priests (D:4)
  2 human skeletons (D:5)
  Natasha (twice) (D:2)
  A worker ant (D:4)
  2 mummies (Ossuary)
  4 gnolls (D:4)
  4 adders
  An ufetubus (D:4)
  2 oozes
  An adder zombie (Ossuary)
  An adder skeleton (D:5)
  A worm (D:2)
  A dart slug (D:1)
  7 leopard geckos
  5 orcs (D:3)
  4 bats
  4 giant cockroaches
  8 goblins
  5 hobgoblins
  2 jackals (D:3)
  2 quokkas
  2 ball pythons
  3 frilled lizards
  9 hobgoblin zombies (Ossuary)
  2 jackal zombies (Ossuary)
  9 kobolds
  8 kobold zombies (Ossuary)
  3 orc skeletons (D:5)
  10 orc zombies
  8 rats
123 creatures vanquished.

Vanquished Creatures (collateral kills)
  A foxfire (D:5)
1 creature vanquished.

Vanquished Creatures (others)
  385 foxfires
385 creatures vanquished.

Grand Total: 509 creatures vanquished

Notes
Turn   | Place    | Note
-------+----------+-------------------------------------------
     0 | D:1      | Gauvater the Octopode Fire Elementalist began the quest for
                  | the Orb.
     0 | D:1      | Reached XP level 1. HP: 11/11 MP: 3/3
   310 | D:1      | Reached XP level 2. HP: 17/17 MP: 0/5
  1262 | D:2      | Noticed Natasha
  1269 | D:2      | Killed Natasha
  1270 | D:2      | Reached XP level 3. HP: 21/21 MP: 0/6
  1586 | D:2      | Reached XP level 4. HP: 27/27 MP: 2/7
  2006 | D:2      | Reached skill level 4 in Fire Magic
  2067 | D:2      | Noticed Natasha
  2073 | D:2      | Killed Natasha
  2567 | D:3      | Reached XP level 5. HP: 31/31 MP: 7/9
  2606 | D:3      | Noticed a fire elemental
  2608 | D:3      | Found a stormy altar of Qazlal.
  2678 | D:3      | Noticed an air elemental
  2678 | D:3      | Noticed a water elemental
  2725 | D:3      | Learned a level 3 spell: Conjure Flame
  2732 | D:3      | Noticed an ogre
  3316 | D:4      | Reached XP level 6. HP: 36/36 MP: 6/11
  3730 | D:4      | Found a staircase to the Ecumenical Temple.
  3739 | Temple   | Entered the Ecumenical Temple
  3967 | Temple   | Became a worshipper of Vehumet
  4401 | D:4      | Found a glowing silver altar of Zin.
  4401 | D:4      | Found a hazy altar of Hepliaklqana.
  4616 | D:4      | Found a shimmering blue altar of Sif Muna.
  4679 | D:4      | Identified the Tome of Dusty Conjuration
  4693 | D:4      | Learned a level 5 spell: Fireball
  4863 | D:5      | Entered Level 5 of the Dungeon
  4868 | D:5      | Noticed Dowan
  4887 | D:5      | Found a blossoming altar of Fedhas.
  5102 | D:5      | Reached XP level 7. HP: 38/42 MP: 9/13
  5161 | D:5      | Found a sand-covered staircase.
  5171 | Ossuary  | Entered an ossuary
  5314 | Ossuary  | Reached * piety under Vehumet
  5314 | Ossuary  | Offered knowledge of Magic Dart by Vehumet.
  5325 | Ossuary  | Learned a level 1 spell: Magic Dart
  5577 | Ossuary  | Reached skill level 1 in Polearms
  5577 | Ossuary  | Reached skill level 5 in Fire Magic
  5593 | Ossuary  | HP: 1/42 [elf zombie (3)]
  5907 | Ossuary  | Reached skill level 1 in Fighting
  5925 | Ossuary  | Got a brightly glowing hand crossbow
  6196 | D:5      | Identified the cursed +1 hand crossbow of the Dancing
                  | Oracle {penet, Fragile +Blink +Inv Int+10} (You found it in
                  | an ossuary)
  6371 | D:5      | Killed Dowan
  6421 | D:5      | Noticed Duvessa
  6434 | D:5      | Slain by Duvessa

Illustrated notes

Levels and vault maps discovered:
D:1:      ebering_hopf_link, layout_loops_ring
D:2:      layout_loops_cross, hangedman_decor_clover_reticule, st_stairs_8,
          minmay_diced_spiral, uniq_natasha
D:3:      layout_basic, nicolae_qazlal_style_of_elements, st_stairs_12
D:4:      layout_cave_pods, nicolae_overflow_hidden_temple,
          gammafunk_temple_overflow_statue, minmay_temple_entry_junction,
          minmay_quantized
D:5:      layout_loops_ring, nicolae_ossuary_entry_catacombs,
          minmay_misc_feat_nine_boxes, fedhas_altar_2, uniq_duvessa
Temple:   oiseaux_autumnal_temple

Skill      XL: |  1  2  3  4  5  6  7 |
---------------+----------------------+-----
Stealth        | 3 4 |  4.0
Fire Magic     | 4 5 |  5.1
Conjurations   | 2 3 |  3.7
Spellcasting   | 3 4 |  4.5
Polearms       | 1 |  1.5
Fighting       | 1 |  1.1
Crossbows      | |  0.5
Throwing       | |  0.5
Dodging        | |  2.0

Action                   |  1- 3 |  4- 6 |  7- 9 || total
-------------------------+-------+-------+-------++-------
Melee: Unarmed           |     4 |     2 |       ||     6
       Constrict         |     2 |     2 |     7 ||    11
       Tentacles         |     1 |       |     3 ||     4
       Trident           |       |    13 |    27 ||    40
 Fire: Hand crossbow     |       |       |    13 ||    13
Throw: Boomerang         |       |    10 |       ||    10
 Cast: Foxfire           |    45 |   113 |    61 ||   219
       Conjure Flame     |       |     4 |     5 ||     9
       Magic Dart        |       |       |    12 ||    12
 Stab: Sleeping          |       |       |     1 ||     1
Armor: Skin              |     5 |     2 |     2 ||     9
Dodge: Dodged            |    13 |    31 |    35 ||    79
